 Dungeon Crawl Stone Soup version 0.16-a0-3612-g267631e (webtiles) character file.

8662 Gronka the Blocker (level 11, -9/97 HPs)
             Began as a Minotaur Fighter on Jan 13, 2015.
             Was a High Priest of Nemelex Xobeh.
             Killed by divine providence
             ... invoked by an orc high priest
              (11 damage)
             ... on level 4 of the Orcish Mines.
             The game lasted 00:36:40 (11145 turns).

Gronka the Blocker (Minotaur Fighter)              Turns: 11145, Time: 00:36:41

Health: -9/97      AC: 16    Str: 26    XL:     11   Next: 12%
Magic:  6/6        EV:  7    Int:  6    God:    Nemelex Xobeh [*****.]
Gold:   1037       SH: 19    Dex: 10    Spells: 0 memorised, 10 levels left

rFire  . . .     SeeInvis +     a - +3 war axe
rCold  . . .     Clarity  .     s - +1 plate armour
rNeg   . . .     SustAb   .     o - +0 large shield
rPois  .         Gourm    .     (helmet restricted)
rElec  .         Spirit   .     (no cloak)
rCorr  .         Warding  .     (no gloves)
rMut   .         Stasis   .     (no boots)
MR     .....                    (no amulet)
Stlth  ..........               x - ring of the Octopus King {Wiz AC+1 EV+1 Str+1 Int+1 Dex+1}
                                E - ring of see invisible

@: darkness, aura of abjuration, not resistant to hostile enchantments,
extremely unstealthy
A: retaliatory headbutt, horns 2
a: Triple Draw, Deal Four, Stack Five, Renounce Religion


You were on level 4 of the Orcish Mines.
You worshipped Nemelex Xobeh.
Nemelex Xobeh was extremely pleased with you.
You were not hungry.

You visited 3 branches of the dungeon, and saw 14 of its levels.

You collected 1087 gold pieces.
You spent 50 gold pieces at shops.

Inventory:

Hand weapons
 a - a +3 war axe (weapon)
 H - a +2 battleaxe
Armour
 b - a +1 scale mail
 c - a +0 shield
 o - a +0 large shield (worn)
 s - a +1 plate armour (worn)
Jewellery
 i - an uncursed ring of flight
 n - an uncursed ring of protection from magic
 x - a ring of the Octopus King (right hand) {Wiz AC+1 EV+1 Str+1 Int+1 Dex+1}
   (You found it on level 4 of the Dungeon)

   [ring of wizardry]

   It improves your spell success rate.
   It affects your AC (+1).
   It affects your evasion (+1).
   It affects your strength (+1).
   It affects your intelligence (+1).
   It affects your dexterity (+1).
 E - a ring of see invisible (left hand)
 J - a cursed ring of teleportation {unknown}
Magical devices
 t - a wand of draining (7)
 B - a wand of draining (3)
 C - a wand of polymorph (12)
 D - a wand of fireball (4)
 G - a wand of slowing (3)
 N - a wand of magic darts (19)
 U - a wand of fire (7)
 W - a wand of paralysis (9)
Scrolls
 f - 6 scrolls of amnesia
 j - 2 scrolls of magic mapping
 m - a scroll of torment {unknown}
 y - 7 scrolls of identify
 I - a scroll of remove curse
 L - 2 scrolls of recharging
 M - a scroll of immolation {unknown}
 Q - a scroll of random uselessness {unknown}
 T - 2 scrolls of blinking
Potions
 e - 4 potions of might
 g - 3 potions of haste
 k - 2 potions of restore abilities
 l - a potion of mutation {unknown}
 p - 6 potions of curing {unknown}
 u - 4 potions of resistance
 z - a potion of cancellation {unknown}
 R - a potion of heal wounds
 S - a potion of flight {unknown}
 X - a potion of magic {unknown}
Miscellaneous
 q - a plain deck of destruction {drawn: 6}
 v - a plain deck of war
 w - a plain deck of destruction
 A - an ornate deck of war {drawn: 4}
 F - a plain deck of destruction
 K - a plain deck of escape {drawn: 1}
 V - a plain deck of war {drawn: 1}
 Y - an ornate deck of war
Comestibles
 d - a bread ration
 h - 3 meat rations
 r - 7 fruits
 O - 2 beef jerkies
 P - 7 slices of pizza


   Skills:
 + Level 9.4 Fighting
 + Level 11.1 Axes
 + Level 9.9 Armour
 + Level 3.4 Dodging
 + Level 0.1 Stealth
 + Level 11.7 Shields
 + Level 1.5 Evocations


You had 10 spell levels left.
You didn't know any spells.

Dungeon Overview and Level Annotations

Branches:
Dungeon (9/15)             Temple (1/1) D:5             Orc (4/4) D:9
   Lair: D:8-11         Elf: Orc:3-4

Altars:
Ashenzari
Cheibriados
Dithmenos
Elyvilon
Fedhas
Gozag
Kikubaaqudgha
Makhleb
Nemelex Xobeh
Okawaru
Qazlal
Ru
Sif Muna
Trog
Vehumet
Xom
Yredelemnul
Zin
The Shining One

Shops:
D:6 !   Orc:2 [*[(:


Innate Abilities, Weirdness & Mutations

You reflexively headbutt those who attack you in melee.
You have a pair of horns on your head.


Message History

It gets dark.
The hellwing disappears in a puff of smoke!
The ice devil shudders.
You block the troll's attack. You block the troll's attack.
The troll claws you!
* * * LOW HITPOINT WARNING * * *
You draw a card...
It is Foxfire.
The ice devil disappears in a puff of smoke!
You block the orc warrior's attack. x2
The orc priest invokes the aid of Beogh against you.
Something smites you!
* * * LOW HITPOINT WARNING * * *
The troll bites you.
* * * LOW HITPOINT WARNING * * *
The troll claws you.
* * * LOW HITPOINT WARNING * * *
You block the troll's attack. The orc closely misses your killer bee.
The orc high priest invokes the aid of Beogh against you.
Something smites you!
You die...
Your body glows slightly and disappears. ... #... .. oo....

#..# ..$####o.... ...
.....#......## ##.##
........oo....# #...#
#........ยง...# ##[.#
#......ooo.# ##..)##
#...$yTo# #.#.(.# #....yo@#
###...(.### #....y###
##.........###
###......####...........#.
###......................##.
#.......#...........##......
#.....#####........###......
#.....####.......### ##.....
##......#...))....####......
#......#....[.....<##....#.


You could see an orc high priest, a troll, 3 orc warriors, an orc priest, an orc
and 3 friendly killer bees.

Vanquished Creatures
  Psyche (D:9)
  2 trolls
  A polar bear (D:9)
  Grinder (D:6)
  A two-headed ogre (D:6)
  A human (D:8)
  2 yaks
  A hog (D:8)
  A wolf (D:9)
  4 wargs (D:9)
  Edmund (D:8)
  10 orc warriors
  2 black bears
  4 ice beasts
  3 sky beasts
  A centaur (D:9)
  2 phantoms
  6 ogres
  A big kobold (D:9)
  2 giant frogs (D:8)
  A scorpion (D:6)
  6 killer bees (D:9)
  9 wights
  8 crimson imps
  3 goliath beetles
  3 jellies
  22 orc priests
  5 hounds
  A centaur skeleton (D:5)
  20 orc wizards
  3 iguanas
  2 sheep (D:8)
  4 worker ants
  A hound skeleton (D:5)
  Terence (D:2)
  4 gnolls (D:4)
  A worker ant zombie (D:5)
  8 adders
  A white imp (D:9)
  3 worms
  An ufetubus (D:9)
  An adder zombie (D:8)
  An adder simulacrum (D:9)
  An ooze (D:2)
  117 orcs
  12 bats
  A bat skeleton (D:7)
  A bat zombie (D:5)
  6 hobgoblins
  4 jackals (D:4)
  2 ball pythons
  6 giant cockroaches
  7 giant geckos
  A giant gecko skeleton (D:4)
  6 giant newts
  17 goblins
  22 kobolds
  A quokka zombie (D:5)
  11 rats
  2 ballistomycetes (D:9)
373 creatures vanquished.

Vanquished Creatures (collateral kills)
  2 ogres
  A giant frog (D:9)
  An orc wizard (D:9)
  An adder (D:4)
  An orc (D:9)
6 creatures vanquished.

Vanquished Creatures (others)
  3 killer bees (D:9)
  An orc wizard (Orc:3)
  A giant spore (D:9)
5 creatures vanquished.

Grand Total: 384 creatures vanquished

Notes
Turn   | Place    | Note
--------------------------------------------------------------
     0 | D:1      | Gronka, the Minotaur Fighter, began the quest for the Orb.
     0 | D:1      | Reached XP level 1. HP: 19/19 MP: 1/1
   806 | D:2      | Reached skill level 4 in Armour
   821 | D:2      | Reached XP level 2. HP: 25/27 MP: 1/1
  1196 | D:2      | Noticed Terence
  1204 | D:2      | Killed Terence
  1204 | D:2      | Reached XP level 3. HP: 33/33 MP: 2/2
  1255 | D:2      | Found a sparkling altar of Nemelex Xobeh.
  1257 | D:2      | Reached skill level 1 in Dodging
  1264 | D:2      | Became a worshipper of Nemelex Xobeh the Trickster
  1288 | D:2      | Received a gift from Nemelex Xobeh
  1547 | D:3      | Reached XP level 4. HP: 40/40 MP: 2/2
  2084 | D:3      | Found a snail-covered altar of Cheibriados.
  2084 | D:3      | Found a white marble altar of Elyvilon.
  2654 | D:4      | Reached XP level 5. HP: 35/46 MP: 2/2
  2780 | D:4      | Noticed a phantom
  2799 | D:4      | Reached skill level 5 in Armour
  2799 | D:4      | Reached skill level 5 in Shields
  2801 | D:4      | Reached XP level 6. HP: 21/53 MP: 3/3
  2816 | D:4      | Killed a phantom
  3225 | D:4      | Got a ring of the Octopus King
  3226 | D:4      | Identified a ring of the Octopus King {Wiz AC+1 EV+1 Str+1 Int+1 Dex+1} (You found it on level 4 of the Dungeon)
  3274 | D:4      | Received a gift from Nemelex Xobeh
  3306 | D:4      | Noticed an ogre
  3310 | D:4      | Killed an ogre
  3518 | D:5      | Entered Level 5 of the Dungeon
  3604 | D:5      | Reached XP level 7. HP: 51/60 MP: 3/3
  3645 | D:5      | Found a staircase to the Ecumenical Temple.
  3669 | D:5      | Reached skill level 5 in Axes
  3669 | D:5      | Reached skill level 6 in Shields
  3678 | Temple   | Entered the Ecumenical Temple
  3899 | D:5      | Received a gift from Nemelex Xobeh
  3994 | D:5      | Reached skill level 5 in Fighting
  3997 | D:5      | Found a shattered altar of Ashenzari.
  4143 | D:5      | Acquired Nemelex Xobeh's first power
  4444 | D:6      | Found Ycru's Distillery.
  4470 | D:6      | Reached skill level 7 in Shields
  4555 | D:6      | Found an opulent altar of Gozag.
  4561 | D:6      | Noticed Grinder
  4570 | D:6      | Killed Grinder
  4570 | D:6      | Reached XP level 8. HP: 63/68 MP: 3/3
  4618 | D:6      | Found an iron altar of Okawaru.
  4661 | D:6      | Reached skill level 8 in Shields
  4780 | D:6      | Bought a potion of heal wounds for 50 gold pieces
  5030 | D:6      | Received a gift from Nemelex Xobeh
  5175 | D:6      | Found an ancient bone altar of Kikubaaqudgha.
  5177 | D:6      | Found a bloodstained altar of Trog.
  5211 | D:6      | Noticed a two-headed ogre
  5213 | D:6      | HP: 2/69 [two-headed ogre/giant club (20)]
  5216 | D:6      | Killed a two-headed ogre
  6059 | D:7      | Reached XP level 9. HP: 68/75 MP: 4/4
  6071 | D:7      | Received a gift from Nemelex Xobeh
  6132 | D:7      | Acquired Nemelex Xobeh's second power
  6536 | D:8      | Noticed Edmund
  6551 | D:8      | Killed Edmund
  6828 | D:8      | Reached skill level 9 in Shields
  7314 | D:8      | Found a shimmering altar of Xom.
  7483 | D:8      | Received a gift from Nemelex Xobeh
  7505 | D:8      | Reached XP level 10. HP: 81/88 MP: 5/5
  7806 | D:9      | Reached skill level 1 in Evocations
  7861 | D:9      | Reached skill level 10 in Shields
  8000 | D:9      | Found a staircase to the Orcish Mines.
  8324 | D:9      | Received a gift from Nemelex Xobeh
  8360 | D:9      | Reached skill level 10 in Axes
  8614 | D:9      | Reached skill level 11 in Shields
  8774 | D:9      | Noticed Psyche
  8775 | D:9      | Paralysed by Psyche for 5 turns
  8820 | D:9      | Killed Psyche
  9484 | Orc:1    | Entered Level 1 of the Orcish Mines
  9626 | Orc:2    | Found Mnaang's Antique Weapon Emporium.
  9629 | Orc:2    | Found Blouchyo's Antique Armour Shoppe.
  9658 | Orc:2    | Found Treuc's Book Shoppe.
  9971 | Orc:2    | Found Ilut's Armour Shoppe.
  9983 | Orc:2    | Found Kloittot's General Store.
 10077 | Orc:2    | Reached XP level 11. HP: 60/97 MP: 6/6
 10441 | Orc:3    | Received a gift from Nemelex Xobeh
 10782 | Orc:3    | Acquired Nemelex Xobeh's third power
 10987 | Orc:4    | Entered Level 4 of the Orcish Mines
 11138 | Orc:4    | Noticed an orc high priest
 11143 | Orc:4    | Noticed an ice devil
 11145 | Orc:4    | HP: 2/97 [troll (6)]
 11145 | Orc:4    | Killed from afar by an orc high priest

Action                   |  1- 3 |  4- 6 |  7- 9 | 10-12 || total
-------------------------+-------+-------+-------+-------++-------
Melee: War axe           |    88 |   163 |   208 |   408 ||   867
       Battleaxe         |       |       |   113 |       ||   113
Evoke: Deck              |       |     1 |     3 |     8 ||    12
       Wand              |       |       |       |     1 ||     1
  Use: Scroll            |       |     7 |     6 |       ||    13
       Potion            |       |     3 |     3 |       ||     6
  Eat: Bread ration      |     1 |     1 |     2 |     3 ||     7
       Chunk             |       |       |     4 |       ||     4
